| Goals | Penalties |
No Goal
|
Lian Bichsel (WAS) for Cross-checking (Minor) at 8:27 Jake Neighbours (WAS) for Roughing (Minor) at 15:42
|
1. Nordiques , Marco Rossi 6 (Mattias Ekholm 4, Pius Suter 8) at 2:39 (PP)
2. Capitals , Adam Lowry 2 (Simon Holmstrom 6, Jake Neighbours 2) at 13:35
|
Zach Bogosian (WAS) for High sticking (Minor) at 0:47 Shayne Gostisbehere (QUE) for Cross-checking (Minor) at 7:53 Kris Letang (WAS) for Cross-checking (Minor) at 15:35
|
3. Capitals , Oliver Ekman-Larsson 1 (Kirill Kaprizov 10, Jake Guentzel 8) at 1:00
4. Capitals , Elias Pettersson 7 (Joel Eriksson Ek 10) at 8:46
|
Chris Kreider (QUE) for Delaying the game (Minor) at 4:01 Oliver Ekman-Larsson (WAS) for Tripping (Minor) at 10:48
|
|
Semyon Varlamov (QUE), 28 saves from 31 shots - (0,903), L, 3-7-0, 60:00 minutes
Sam Montembeault (WAS), 25 saves from 26 shots - (0,962), W, 6-6-1, 60:00 minutes
|
|
1 - Sam Montembeault (WAS)
2 - Oliver Ekman-Larsson (WAS)
3 - Adam Lowry (WAS)
|
Referees : Justin St. Pierre and Michael Markovic
Linesman : Bevan Mills and Jim Harper
|
|
| No Game Note
|
|
Level 1 -- Attendance: 6000 (100,00%) -- Ticket Income $600,000
Level 2 -- Attendance: 3649 (72,98%) -- Ticket Income $255,430
Level 3 -- Attendance: 1713 (85,65%) -- Ticket Income $71,946
Level 4 -- Attendance: 3952 (98,80%) -- Ticket Income $98,800
Luxury Box -- Attendance: 1000 (100,00%) -- Ticket Income $195,000
Game was played at the Washington Arena.
Total Attendance: 16314 (90,63%)
Total Ticket Income: $1,221,176
Other Income: $598,376
Total Income: $1,819,552
|
Nordiques
| 5 vs 5 Forward |
|---|
| Line # | Left Wing | Center | Right Wing | PHY | DF | OF | Wanted % | Time % | Time Play |
| 1 | Lucas Raymond | Sebastian Aho | Chris Kreider | 0 | 3 | 2 | 30 | 30% | 14:06
|
| 2 | Pius Suter | Marco Rossi | Tyson Foerster | 0 | 3 | 2 | 25 | 26% | 12:01
|
| 3 | Alex Newhook | Alexander Wennberg | Kirby Dach | 0 | 3 | 2 | 25 | 22% | 10:22
|
| 4 | Cole Smith | Peyton Krebs | Vasily Podkolzin | 0 | 3 | 2 | 20 | 21% | 9:45
|
| 5 vs 5 Defense |
|---|
| Line # | Defense | Defense | | PHY | DF | OF | Wanted % | Time % | Time Play |
| 1 | Travis Sanheim | Brent Burns | | 0 | 3 | 2 | 35 | 35% | 16:12
|
| 2 | Martin Fehervary | Mattias Ekholm | | 0 | 3 | 2 | 35 | 33% | 15:16
|
| 3 | Shayne Gostisbehere | Philippe Myers | | 0 | 3 | 2 | 30 | 31% | 14:25
|
| 4 | Travis Sanheim | Brent Burns | | 0 | 3 | 2 | 0 | 1% | 0:21
|
| Power Play Forward |
|---|
| Line # | Left Wing | Center | Right Wing | PHY | DF | OF | Wanted % | Time % | Time Play |
| 1 | Lucas Raymond | Sebastian Aho | Chris Kreider | 1 | 2 | 2 | 50 | 49% | 4:51
|
| 2 | Pius Suter | Marco Rossi | Tyson Foerster | 1 | 2 | 2 | 50 | 51% | 4:57
|
| Power Play Defense |
|---|
| Line # | Defense | Defense | | PHY | DF | OF | Wanted % | Time % | Time Play |
| 1 | Brent Burns | Shayne Gostisbehere | | 1 | 2 | 2 | 50 | 57% | 5:33
|
| 2 | Travis Sanheim | Mattias Ekholm | | 1 | 2 | 2 | 50 | 43% | 4:15
|
| Penalty Kill 4 Players Forward |
|---|
| Line # | Center | Wing | PHY | DF | OF | Wanted % | Time % | Time Play |
| 1 | Alexander Wennberg | Pius Suter | 1 | 2 | 2 | 50 | 39% | 1:34
|
| 2 | Sebastian Aho | Chris Kreider | 1 | 2 | 2 | 50 | 61% | 2:24
|
| Penalty Kill 4 Players Defense |
|---|
| Line # | Defense | Defense | PHY | DF | OF | Wanted % | Time % | Time Play |
| 1 | Travis Sanheim | Brent Burns | 1 | 2 | 2 | 50 | 59% | 2:20
|
| 2 | Martin Fehervary | Mattias Ekholm | 1 | 2 | 2 | 50 | 41% | 1:38
|
| Penalty Kill 3 Players |
|---|
| Line # | Wing | PHY | DF | OF | Wanted % | Time % | Time Play | Defense | Defense | PHY | DF | OF | Wanted % | Time % | Time Play |
| 1 | Alexander Wennberg | 1 | 2 | 2 | 50 | 0% | 0:00
| Travis Sanheim | Brent Burns | 1 | 2 | 2 | 50 | 0% | 0:00
|
| 2 | Sebastian Aho | 1 | 2 | 2 | 50 | 0% | 0:00
| Martin Fehervary | Mattias Ekholm | 1 | 2 | 2 | 50 | 0% | 0:00
|
| 4 vs 4 Forward |
|---|
| Line # | Center | Wing | PHY | DF | OF | Wanted % | Time % | Time Play |
| 1 | Sebastian Aho | Lucas Raymond | 0 | 3 | 2 | 50 | 0% | 0:00
|
| 2 | Marco Rossi | Chris Kreider | 0 | 3 | 2 | 50 | 0% | 0:00
|
| 4 vs 4 Defense |
|---|
| Line # | Defense | | PHY | DF | OF | Wanted % | Time % | Time Play |
| 1 | Travis Sanheim | Brent Burns | 0 | 3 | 2 | 50 | 0% | 0:00
|
| 2 | Martin Fehervary | Mattias Ekholm | 0 | 3 | 2 | 50 | 0% | 0:00
|
| Last Minutes Offensive |
|---|
| Left Wing | Center | Right Wing | Defense | Defense |
| Lucas Raymond | Sebastian Aho | Chris Kreider | Shayne Gostisbehere | Brent Burns |
| Last Minutes Defensive |
|---|
| Left Wing | Center | Right Wing | Defense | Defense |
| Pius Suter | Alexander Wennberg | Chris Kreider | Travis Sanheim | Martin Fehervary |
| Time |
|---|
| Total Forward | Total Defense | Last Minutes Offensive | Last Minutes Defensive |
| 60:00 |
60:00 |
0:00 | 0:00 |
| Extra Forwards |
|---|
| Normal | PowerPlay | Penalty Kill |
|
Sebastian Aho, Lucas Raymond, Chris Kreider | Alexander Wennberg, Kirby Dach | Cole Smith |
| Extra Defensemen |
|---|
| Normal | PowerPlay | Penalty Kill |
|
Travis Sanheim, Mattias Ekholm, Brent Burns | Martin Fehervary, Shayne Gostisbehere | Philippe Myers |
| Penalty Shots |
|---|
|
Alexander Wennberg, Kirby Dach, Brent Burns, Chris Kreider, Pius Suter |
| Goalie |
|---|
| Semyon Varlamov, Dan Vladar |
| Custom OT Lines Forwards |
|---|
|
Sebastian Aho, Lucas Raymond, Marco Rossi, Chris Kreider, Alexander Wennberg, Pius Suter, Peyton Krebs, Tyson Foerster, Kirby Dach, Alex Newhook |
| Custom OT Lines Defensemen |
|---|
|
Travis Sanheim, Brent Burns, Mattias Ekholm, Martin Fehervary, Shayne Gostisbehere |
| Scratches |
|---|
|
Nils Hoglander (Healthy), Devin Cooley (Healthy) |
Capitals
| 5 vs 5 Forward |
|---|
| Line # | Left Wing | Center | Right Wing | PHY | DF | OF | Wanted % | Time % | Time Play |
| 1 | Elias Pettersson | Adam Fantilli | Joel Eriksson Ek | 1 | 1 | 3 | 31 | 31% | 14:22
|
| 2 | Kirill Kaprizov | Jake Guentzel | Kyle Palmieri | 1 | 1 | 3 | 29 | 25% | 11:29
|
| 3 | Jake Neighbours | Adam Lowry | Simon Holmstrom | 1 | 3 | 1 | 27 | 25% | 11:36
|
| 4 | Joel Armia | Isac Lundestrom | Arttu Hyry | 1 | 3 | 1 | 13 | 19% | 8:47
|
| 5 vs 5 Defense |
|---|
| Line # | Defense | Defense | | PHY | DF | OF | Wanted % | Time % | Time Play |
| 1 | Kris Letang | Damon Severson | | 1 | 2 | 2 | 37 | 36% | 16:27
|
| 2 | Oliver Ekman-Larsson | Zach Bogosian | | 1 | 2 | 2 | 35 | 37% | 17:18
|
| 3 | Lian Bichsel | Cam York | | 1 | 2 | 2 | 28 | 27% | 12:29
|
| 4 | Oliver Ekman-Larsson | Kris Letang | | 1 | 2 | 2 | 0 | 0% | 0:00
|
| Power Play Forward |
|---|
| Line # | Left Wing | Center | Right Wing | PHY | DF | OF | Wanted % | Time % | Time Play |
| 1 | Elias Pettersson | Joel Eriksson Ek | Kirill Kaprizov | 0 | 0 | 5 | 60 | 53% | 2:05
|
| 2 | Jake Guentzel | Adam Fantilli | Kyle Palmieri | 0 | 0 | 5 | 40 | 47% | 1:53
|
| Power Play Defense |
|---|
| Line # | Defense | Defense | | PHY | DF | OF | Wanted % | Time % | Time Play |
| 1 | Oliver Ekman-Larsson | Kris Letang | | 1 | 1 | 3 | 70 | 61% | 2:26
|
| 2 | Cam York | Damon Severson | | 1 | 1 | 3 | 30 | 39% | 1:32
|
| Penalty Kill 4 Players Forward |
|---|
| Line # | Center | Wing | PHY | DF | OF | Wanted % | Time % | Time Play |
| 1 | Isac Lundestrom | Joel Armia | 1 | 3 | 1 | 60 | 65% | 6:21
|
| 2 | Adam Lowry | Simon Holmstrom | 1 | 3 | 1 | 40 | 35% | 3:27
|
| Penalty Kill 4 Players Defense |
|---|
| Line # | Defense | Defense | PHY | DF | OF | Wanted % | Time % | Time Play |
| 1 | Cam York | Zach Bogosian | 1 | 4 | 0 | 60 | 54% | 5:19
|
| 2 | Kris Letang | Damon Severson | 1 | 4 | 0 | 40 | 46% | 4:29
|
| Penalty Kill 3 Players |
|---|
| Line # | Wing | PHY | DF | OF | Wanted % | Time % | Time Play | Defense | Defense | PHY | DF | OF | Wanted % | Time % | Time Play |
| 1 | Isac Lundestrom | 1 | 4 | 0 | 60 | 0% | 0:00
| Cam York | Zach Bogosian | 1 | 4 | 0 | 60 | 0% | 0:00
|
| 2 | Adam Lowry | 1 | 4 | 0 | 40 | 0% | 0:00
| Kris Letang | Damon Severson | 1 | 4 | 0 | 40 | 0% | 0:00
|
| 4 vs 4 Forward |
|---|
| Line # | Center | Wing | PHY | DF | OF | Wanted % | Time % | Time Play |
| 1 | Joel Eriksson Ek | Jake Guentzel | 1 | 2 | 2 | 60 | 0% | 0:00
|
| 2 | Elias Pettersson | Kirill Kaprizov | 1 | 2 | 2 | 40 | 0% | 0:00
|
| 4 vs 4 Defense |
|---|
| Line # | Defense | | PHY | DF | OF | Wanted % | Time % | Time Play |
| 1 | Oliver Ekman-Larsson | Damon Severson | 1 | 2 | 2 | 60 | 0% | 0:00
|
| 2 | Zach Bogosian | Kris Letang | 1 | 2 | 2 | 40 | 0% | 0:00
|
| Last Minutes Offensive |
|---|
| Left Wing | Center | Right Wing | Defense | Defense |
| Jake Guentzel | Elias Pettersson | Kirill Kaprizov | Oliver Ekman-Larsson | Kris Letang |
| Last Minutes Defensive |
|---|
| Left Wing | Center | Right Wing | Defense | Defense |
| Isac Lundestrom | Joel Eriksson Ek | Joel Armia | Zach Bogosian | Cam York |
| Time |
|---|
| Total Forward | Total Defense | Last Minutes Offensive | Last Minutes Defensive |
| 60:00 |
60:00 |
0:00 | 0:00 |
| Extra Forwards |
|---|
| Normal | PowerPlay | Penalty Kill |
|
Jake Guentzel, Joel Eriksson Ek, Elias Pettersson | Joel Eriksson Ek, Jake Guentzel | Joel Armia |
| Extra Defensemen |
|---|
| Normal | PowerPlay | Penalty Kill |
|
Oliver Ekman-Larsson, Damon Severson, Kris Letang | Kris Letang, Zach Bogosian | Damon Severson |
| Penalty Shots |
|---|
|
Jake Guentzel, Kirill Kaprizov, Elias Pettersson, Jake Neighbours, Simon Holmstrom |
| Goalie |
|---|
| Sam Montembeault, Matt Murray |
| Custom OT Lines Forwards |
|---|
|
Jake Guentzel, Kirill Kaprizov, Elias Pettersson, Joel Eriksson Ek, Jake Neighbours, Kyle Palmieri, Adam Fantilli, Adam Lowry, Simon Holmstrom, Isac Lundestrom |
| Custom OT Lines Defensemen |
|---|
|
Oliver Ekman-Larsson, Cam York, Kris Letang, Damon Severson, Zach Bogosian |
| Scratches |
|---|
|
Gage Goncalves (Healthy), P.O Joseph (Healthy) |
Play-by-Play
1st period
0:01 of 1st period - Sebastian Aho wins face-off versus Adam Fantilli in neutral zone.
0:26 of 1st period - Damon Severson is hit by Travis Sanheim and loses puck.
0:35 of 1st period - Wrist shot by Marco Rossi.
0:35 of 1st period - Shot Misses the Net.
1:39 of 1st period - Wrist shot by Adam Fantilli.
1:39 of 1st period - Stopped by Semyon Varlamov without a rebound.
1:40 of 1st period - Marco Rossi wins face-off versus Jake Guentzel in Nordiques zone.
1:51 of 1st period - Snap shot by Marco Rossi.
1:51 of 1st period - Shot Blocked by Kyle Palmieri.
1:53 of 1st period - Slapshot by Travis Sanheim.
1:53 of 1st period - Shot Misses the Net.
1:55 of 1st period - Snap shot by Pius Suter.
1:55 of 1st period - Shot Blocked by Oliver Ekman-Larsson.
2:18 of 1st period - Snap shot by Jake Guentzel.
2:18 of 1st period - Shot Misses the Net.
2:54 of 1st period - Wrist shot by Joel Eriksson Ek.
2:54 of 1st period - Shot Blocked by Martin Fehervary.
3:14 of 1st period - Lucas Raymond is hit by Arttu Hyry.
3:49 of 1st period - Shayne Gostisbehere is hit by Adam Lowry and loses puck.
4:12 of 1st period - Slapshot by Peyton Krebs.
4:12 of 1st period - Shot Misses the Net.
4:14 of 1st period - Slapshot by Travis Sanheim.
4:14 of 1st period - Shot Misses the Net.
4:23 of 1st period - Icing by Kris Letang.
4:24 of 1st period - Alexander Wennberg wins face-off versus Simon Holmstrom in Capitals zone.
4:53 of 1st period - Philippe Myers is hit by Adam Fantilli and loses puck.
5:36 of 1st period - Snap shot by Joel Armia.
5:36 of 1st period - Stopped by Semyon Varlamov with a rebound.
5:38 of 1st period - Snap shot by Joel Armia.
5:38 of 1st period - Stopped by Semyon Varlamov without a rebound.
5:39 of 1st period - Alex Newhook wins face-off versus Isac Lundestrom in Nordiques zone.
5:46 of 1st period - Oliver Ekman-Larsson is hit by Alex Newhook and loses puck.
6:05 of 1st period - Wrist shot by Isac Lundestrom.
6:05 of 1st period - Shot Blocked by Brent Burns.
6:21 of 1st period - Wrist shot by Arttu Hyry.
6:21 of 1st period - Shot Blocked by Brent Burns.
6:23 of 1st period - Wrist shot by Isac Lundestrom.
6:23 of 1st period - Shot Misses the Net.
6:56 of 1st period - Joel Armia is hit by Kirby Dach and loses puck.
8:03 of 1st period - Wrist shot by Arttu Hyry.
8:03 of 1st period - Stopped by Semyon Varlamov without a rebound.
8:04 of 1st period - Sebastian Aho wins face-off versus Adam Fantilli in Nordiques zone.
8:11 of 1st period - Wrist shot by Adam Fantilli.
8:11 of 1st period - Stopped by Semyon Varlamov with a rebound.
8:27 of 1st period - Minor Penalty to Lian Bichsel for Cross-checking.
8:28 of 1st period - Adam Lowry wins face-off versus Chris Kreider in Capitals zone.
10:27 of 1st period - Penalty to Lian Bichsel is over, Lian Bichsel is back on ice.
10:37 of 1st period - Vasily Podkolzin is hit by Lian Bichsel and loses puck.
12:52 of 1st period - Martin Fehervary is hit by Joel Armia and loses puck.
14:10 of 1st period - Kirill Kaprizov is hit by Marco Rossi and loses puck.
14:27 of 1st period - Marco Rossi is hit by Kris Letang and loses puck.
14:44 of 1st period - Snap shot by Marco Rossi.
14:44 of 1st period - Stopped by Sam Montembeault with a rebound.
14:46 of 1st period - Slapshot by Mattias Ekholm.
14:46 of 1st period - Shot Blocked by Joel Eriksson Ek.
14:48 of 1st period - Wrist shot by Marco Rossi.
14:48 of 1st period - Stopped by Sam Montembeault without a rebound.
14:49 of 1st period - Sebastian Aho wins face-off versus Adam Fantilli in Capitals zone.
15:02 of 1st period - Wrist shot by Sebastian Aho.
15:02 of 1st period - Stopped by Sam Montembeault with a rebound.
15:16 of 1st period - Vasily Podkolzin is hit by Oliver Ekman-Larsson and loses puck.
15:39 of 1st period - Wrist shot by Alexander Wennberg.
15:39 of 1st period - Stopped by Sam Montembeault without a rebound.
15:40 of 1st period - Adam Lowry wins face-off versus Alexander Wennberg in Capitals zone.
15:42 of 1st period - Minor Penalty to Jake Neighbours for Roughing.
15:43 of 1st period - Marco Rossi wins face-off versus Isac Lundestrom in Capitals zone.
15:43 of 1st period - Slapshot by Tyson Foerster.
15:43 of 1st period - Shot Blocked by Cam York.
15:45 of 1st period - Wrist shot by Tyson Foerster.
15:45 of 1st period - Shot Misses the Net.
15:53 of 1st period - Wrist shot by Marco Rossi.
15:53 of 1st period - Stopped by Sam Montembeault without a rebound.
15:54 of 1st period - Marco Rossi wins face-off versus Isac Lundestrom in Capitals zone.
15:55 of 1st period - Wrist shot by Tyson Foerster.
15:55 of 1st period - Shot Misses the Net.
15:57 of 1st period - Snap shot by Tyson Foerster.
15:57 of 1st period - Shot Misses the Net.
16:01 of 1st period - Wrist shot by Tyson Foerster.
16:01 of 1st period - Stopped by Sam Montembeault with a rebound.
16:03 of 1st period - Snap shot by Pius Suter.
16:03 of 1st period - Stopped by Sam Montembeault with a rebound.
16:05 of 1st period - Snap shot by Pius Suter.
16:05 of 1st period - Shot Misses the Net.
17:31 of 1st period - Pius Suter is hit by Zach Bogosian and loses puck.
17:38 of 1st period - Snap shot by Simon Holmstrom.
17:38 of 1st period - Stopped by Semyon Varlamov without a rebound.
17:39 of 1st period - Sebastian Aho wins face-off versus Isac Lundestrom in Nordiques zone.
17:42 of 1st period - Penalty to Jake Neighbours is over, Jake Neighbours is back on ice.
17:52 of 1st period - Elias Pettersson is hit by Cole Smith.
17:55 of 1st period - Off-side.
17:56 of 1st period - Adam Fantilli wins face-off versus Sebastian Aho in neutral zone.
18:20 of 1st period - Marco Rossi is hit by Lian Bichsel and loses puck.
18:53 of 1st period - Slapshot by Mattias Ekholm.
18:53 of 1st period - Shot Misses the Net.
19:23 of 1st period - Wrist shot by Elias Pettersson.
19:23 of 1st period - Stopped by Semyon Varlamov without a rebound.
19:24 of 1st period - Sebastian Aho wins face-off versus Adam Fantilli in Nordiques zone.
19:29 of 1st period - Elias Pettersson is hit by Chris Kreider and loses puck.
19:36 of 1st period - Wrist shot by Adam Fantilli.
19:36 of 1st period - Shot Blocked by Brent Burns.
19:38 of 1st period - Snap shot by Zach Bogosian.
19:38 of 1st period - Deflect By Elias Pettersson.
19:38 of 1st period - Shot Blocked by Travis Sanheim.
19:38 of 1st period - Puck is out of play.
19:39 of 1st period - Kyle Palmieri wins face-off versus Marco Rossi in Nordiques zone.
19:40 of 1st period - Snap shot by Kirill Kaprizov.
19:40 of 1st period - Stopped by Semyon Varlamov without a rebound.
19:41 of 1st period - Marco Rossi wins face-off versus Jake Guentzel in Nordiques zone.
19:56 of 1st period - Snap shot by Tyson Foerster.
19:56 of 1st period - Deflect By Marco Rossi.
19:56 of 1st period - Shot Blocked by Kyle Palmieri.
19:56 of 1st period - Puck is out of play.
19:57 of 1st period - Adam Fantilli wins face-off versus Sebastian Aho in Capitals zone.
Goals for this period are 0 for Nordiques vs 0 for Capitals.
Shots for this period are 7 for Nordiques vs 8 for Capitals.
2nd period
0:01 of 2nd period - Sebastian Aho wins face-off versus Adam Fantilli in neutral zone.
0:47 of 2nd period - Minor Penalty to Zach Bogosian for High sticking.
0:48 of 2nd period - Sebastian Aho wins face-off versus Isac Lundestrom in Capitals zone.
2:25 of 2nd period - Slapshot by Tyson Foerster.
2:25 of 2nd period - Shot Misses the Net.
2:27 of 2nd period - Slapshot by Travis Sanheim.
2:27 of 2nd period - Stopped by Sam Montembeault with a rebound.
2:35 of 2nd period - Snap shot by Pius Suter.
2:35 of 2nd period - Stopped by Sam Montembeault with a rebound.
2:39 of 2nd period - Snap shot by Marco Rossi.
2:39 of 2nd period - Goal by Marco Rossi - Nordiques : 1 - Capitals : 0.
2:40 of 2nd period - Adam Fantilli wins face-off versus Sebastian Aho in neutral zone.
3:04 of 2nd period - Icing by Zach Bogosian.
3:05 of 2nd period - Alexander Wennberg wins face-off versus Adam Fantilli in Capitals zone.
3:10 of 2nd period - Wrist shot by Kirby Dach.
3:10 of 2nd period - Stopped by Sam Montembeault without a rebound.
3:11 of 2nd period - Jake Guentzel wins face-off versus Alexander Wennberg in Capitals zone.
3:22 of 2nd period - Snap shot by Alexander Wennberg.
3:22 of 2nd period - Stopped by Sam Montembeault with a rebound.
3:38 of 2nd period - Lucas Raymond is hit by Simon Holmstrom.
3:42 of 2nd period - Wrist shot by Sebastian Aho.
3:42 of 2nd period - Stopped by Sam Montembeault with a rebound.
4:01 of 2nd period - Icing by Marco Rossi.
4:02 of 2nd period - Adam Fantilli wins face-off versus Marco Rossi in Nordiques zone.
4:15 of 2nd period - Snap shot by Joel Eriksson Ek.
4:15 of 2nd period - Stopped by Semyon Varlamov with a rebound.
4:17 of 2nd period - Snap shot by Elias Pettersson.
4:17 of 2nd period - Stopped by Semyon Varlamov without a rebound.
4:18 of 2nd period - Sebastian Aho wins face-off versus Jake Guentzel in Nordiques zone.
4:33 of 2nd period - Wrist shot by Lucas Raymond.
4:33 of 2nd period - Shot Misses the Net.
4:45 of 2nd period - Marco Rossi is hit by Kris Letang and loses puck.
5:14 of 2nd period - Kirby Dach is hit by Elias Pettersson and loses puck.
6:14 of 2nd period - Slapshot by Pius Suter.
6:14 of 2nd period - Shot Misses the Net.
6:16 of 2nd period - Slapshot by Marco Rossi.
6:16 of 2nd period - Deflect By Tyson Foerster.
6:16 of 2nd period - Shot Blocked by Simon Holmstrom.
6:16 of 2nd period - Puck is out of play.
6:17 of 2nd period - Marco Rossi wins face-off versus Adam Lowry in Capitals zone.
6:34 of 2nd period - Slapshot by Shayne Gostisbehere.
6:34 of 2nd period - Shot Blocked by Jake Neighbours.
6:36 of 2nd period - Wrist shot by Tyson Foerster.
6:36 of 2nd period - Stopped by Sam Montembeault with a rebound.
6:38 of 2nd period - Snap shot by Tyson Foerster.
6:38 of 2nd period - Shot Blocked by Damon Severson.
6:40 of 2nd period - Snap shot by Marco Rossi.
6:40 of 2nd period - Stopped by Sam Montembeault without a rebound.
6:41 of 2nd period - Sebastian Aho wins face-off versus Jake Guentzel in Capitals zone.
7:15 of 2nd period - Wrist shot by Elias Pettersson.
7:15 of 2nd period - Stopped by Semyon Varlamov with a rebound.
7:17 of 2nd period - Snap shot by Joel Eriksson Ek.
7:17 of 2nd period - Shot Blocked by Vasily Podkolzin.
7:19 of 2nd period - Slapshot by Zach Bogosian.
7:19 of 2nd period - Shot Misses the Net.
7:21 of 2nd period - Slapshot by Joel Eriksson Ek.
7:21 of 2nd period - Stopped by Semyon Varlamov with a rebound.
7:31 of 2nd period - Snap shot by Isac Lundestrom.
7:31 of 2nd period - Deflect By Joel Armia.
7:31 of 2nd period - Deflect By Travis Sanheim.
7:31 of 2nd period - Stopped by Semyon Varlamov without a rebound.
7:32 of 2nd period - Isac Lundestrom wins face-off versus Sebastian Aho in Nordiques zone.
7:37 of 2nd period - Snap shot by Isac Lundestrom.
7:37 of 2nd period - Shot Blocked by Chris Kreider.
7:39 of 2nd period - Slapshot by Damon Severson.
7:39 of 2nd period - Stopped by Semyon Varlamov with a rebound.
7:41 of 2nd period - Slapshot by Kris Letang.
7:41 of 2nd period - Shot Misses the Net.
7:43 of 2nd period - Snap shot by Isac Lundestrom.
7:43 of 2nd period - Shot Hit the Post.
7:45 of 2nd period - Slapshot by Arttu Hyry.
7:45 of 2nd period - Shot Misses the Net.
7:53 of 2nd period - Minor Penalty to Shayne Gostisbehere for Cross-checking.
7:54 of 2nd period - Joel Eriksson Ek wins face-off versus Alexander Wennberg in Nordiques zone.
7:57 of 2nd period - Snap shot by Joel Eriksson Ek.
7:57 of 2nd period - Shot Misses the Net.
7:59 of 2nd period - Wrist shot by Kirill Kaprizov.
7:59 of 2nd period - Stopped by Semyon Varlamov with a rebound.
8:01 of 2nd period - Wrist shot by Joel Eriksson Ek.
8:01 of 2nd period - Shot Misses the Net.
8:03 of 2nd period - Backhand shot by Kirill Kaprizov.
8:03 of 2nd period - Shot Misses the Net.
8:05 of 2nd period - Wrist shot by Joel Eriksson Ek.
8:05 of 2nd period - Shot Misses the Net.
9:53 of 2nd period - Penalty to Shayne Gostisbehere is over, Shayne Gostisbehere is back on ice.
10:24 of 2nd period - Snap shot by Peyton Krebs.
10:24 of 2nd period - Stopped by Sam Montembeault with a rebound.
11:11 of 2nd period - Marco Rossi is hit by Joel Eriksson Ek and loses puck.
12:11 of 2nd period - Slapshot by Elias Pettersson.
12:11 of 2nd period - Stopped by Semyon Varlamov with a rebound.
12:35 of 2nd period - Cole Smith is hit by Adam Fantilli and loses puck.
13:01 of 2nd period - Slapshot by Kirby Dach.
13:01 of 2nd period - Shot Misses the Net.
13:03 of 2nd period - Slapshot by Philippe Myers.
13:03 of 2nd period - Shot Blocked by Cam York.
13:22 of 2nd period - Travis Sanheim is hit by Zach Bogosian and loses puck.
13:33 of 2nd period - Slapshot by Simon Holmstrom.
13:33 of 2nd period - Shot Hit the Post.
13:35 of 2nd period - Wrist shot by Adam Lowry.
13:35 of 2nd period - Goal by Adam Lowry - Nordiques : 1 - Capitals : 1.
13:36 of 2nd period - Tyson Foerster wins face-off versus Jake Guentzel in neutral zone.
14:49 of 2nd period - Snap shot by Peyton Krebs.
14:49 of 2nd period - Shot Hit the Post.
15:35 of 2nd period - Minor Penalty to Kris Letang for Cross-checking.
15:36 of 2nd period - Sebastian Aho wins face-off versus Isac Lundestrom in Capitals zone.
16:18 of 2nd period - Wrist shot by Chris Kreider.
16:18 of 2nd period - Shot Misses the Net.
17:10 of 2nd period - Snap shot by Sebastian Aho.
17:10 of 2nd period - Stopped by Sam Montembeault with a rebound.
17:35 of 2nd period - Penalty to Kris Letang is over, Kris Letang is back on ice.
18:01 of 2nd period - Slapshot by Kris Letang.
18:01 of 2nd period - Stopped by Semyon Varlamov with a rebound.
18:07 of 2nd period - Snap shot by Lucas Raymond.
18:07 of 2nd period - Deflect By Kris Letang.
18:07 of 2nd period - Shot Misses the Net.
18:07 of 2nd period - Puck is out of play.
18:08 of 2nd period - Marco Rossi wins face-off versus Jake Guentzel in Capitals zone.
18:15 of 2nd period - Slapshot by Tyson Foerster.
18:15 of 2nd period - Stopped by Sam Montembeault with a rebound.
18:21 of 2nd period - Mattias Ekholm is hit by Kirill Kaprizov.
18:44 of 2nd period - Slapshot by Elias Pettersson.
18:44 of 2nd period - Shot Misses the Net.
19:21 of 2nd period - Wrist shot by Mattias Ekholm.
19:21 of 2nd period - Shot Blocked by Kyle Palmieri.
19:41 of 2nd period - Off-side.
19:42 of 2nd period - Adam Fantilli wins face-off versus Alexander Wennberg in neutral zone.
19:45 of 2nd period - Slapshot by Joel Eriksson Ek.
19:45 of 2nd period - Deflect By Elias Pettersson.
19:45 of 2nd period - Shot Blocked by Travis Sanheim.
19:45 of 2nd period - Puck is out of play.
19:46 of 2nd period - Alexander Wennberg wins face-off versus Adam Fantilli in Nordiques zone.
Goals for this period are 1 for Nordiques vs 1 for Capitals.
Shots for this period are 11 for Nordiques vs 10 for Capitals.
3rd period
0:01 of 3rd period - Sebastian Aho wins face-off versus Jake Guentzel in neutral zone.
0:14 of 3rd period - Slapshot by Jake Guentzel.
0:14 of 3rd period - Shot Misses the Net.
0:16 of 3rd period - Wrist shot by Kirill Kaprizov.
0:16 of 3rd period - Stopped by Semyon Varlamov with a rebound.
0:50 of 3rd period - Snap shot by Simon Holmstrom.
0:50 of 3rd period - Stopped by Semyon Varlamov without a rebound.
0:51 of 3rd period - Jake Guentzel wins face-off versus Alexander Wennberg in Nordiques zone.
0:54 of 3rd period - Slapshot by Kirill Kaprizov.
0:54 of 3rd period - Shot Misses the Net.
0:56 of 3rd period - Slapshot by Oliver Ekman-Larsson.
0:56 of 3rd period - Shot Blocked by Alexander Wennberg.
0:58 of 3rd period - Backhand shot by Kirill Kaprizov.
0:58 of 3rd period - Stopped by Semyon Varlamov with a rebound.
1:00 of 3rd period - Snap shot by Oliver Ekman-Larsson.
1:00 of 3rd period - Goal by Oliver Ekman-Larsson - Nordiques : 1 - Capitals : 2.
1:01 of 3rd period - Sebastian Aho wins face-off versus Jake Guentzel in neutral zone.
1:10 of 3rd period - Snap shot by Sebastian Aho.
1:10 of 3rd period - Shot Hit the Post.
1:12 of 3rd period - Snap shot by Chris Kreider.
1:12 of 3rd period - Shot Misses the Net.
1:30 of 3rd period - Slapshot by Damon Severson.
1:30 of 3rd period - Shot Blocked by Travis Sanheim.
1:43 of 3rd period - Icing by Travis Sanheim.
1:44 of 3rd period - Marco Rossi wins face-off versus Jake Guentzel in Nordiques zone.
2:01 of 3rd period - Snap shot by Marco Rossi.
2:01 of 3rd period - Stopped by Sam Montembeault with a rebound.
2:03 of 3rd period - Snap shot by Pius Suter.
2:03 of 3rd period - Stopped by Sam Montembeault with a rebound.
2:05 of 3rd period - Backhand shot by Marco Rossi.
2:05 of 3rd period - Shot Blocked by Oliver Ekman-Larsson.
2:07 of 3rd period - Snap shot by Brent Burns.
2:07 of 3rd period - Shot Misses the Net.
2:09 of 3rd period - Slapshot by Travis Sanheim.
2:09 of 3rd period - Deflect By Tyson Foerster.
2:09 of 3rd period - Shot Misses the Net.
2:09 of 3rd period - Puck is out of play.
2:10 of 3rd period - Adam Fantilli wins face-off versus Sebastian Aho in Capitals zone.
2:36 of 3rd period - Simon Holmstrom is hit by Shayne Gostisbehere and loses puck.
3:31 of 3rd period - Backhand shot by Marco Rossi.
3:31 of 3rd period - Shot Blocked by Damon Severson.
3:33 of 3rd period - Snap shot by Marco Rossi.
3:33 of 3rd period - Shot Blocked by Arttu Hyry.
3:53 of 3rd period - Wrist shot by Elias Pettersson.
3:53 of 3rd period - Shot Misses the Net.
3:55 of 3rd period - Snap shot by Adam Fantilli.
3:55 of 3rd period - Shot Misses the Net.
4:01 of 3rd period - Minor Penalty to Chris Kreider for Delaying the game.
4:02 of 3rd period - Joel Eriksson Ek wins face-off versus Sebastian Aho in Nordiques zone.
4:09 of 3rd period - Snap shot by Elias Pettersson.
4:09 of 3rd period - Shot Misses the Net.
4:11 of 3rd period - Snap shot by Joel Eriksson Ek.
4:11 of 3rd period - Shot Misses the Net.
4:39 of 3rd period - Snap shot by Jake Guentzel.
4:39 of 3rd period - Shot Misses the Net.
5:37 of 3rd period - Lucas Raymond is hit by Kirill Kaprizov and loses puck.
6:01 of 3rd period - Penalty to Chris Kreider is over, Chris Kreider is back on ice.
6:06 of 3rd period - Pius Suter is hit by Damon Severson and loses puck.
7:22 of 3rd period - Icing by Elias Pettersson.
7:23 of 3rd period - Peyton Krebs wins face-off versus Isac Lundestrom in Capitals zone.
7:24 of 3rd period - Wrist shot by Vasily Podkolzin.
7:24 of 3rd period - Stopped by Sam Montembeault with a rebound.
7:26 of 3rd period - Slapshot by Mattias Ekholm.
7:26 of 3rd period - Shot Blocked by Kris Letang.
7:28 of 3rd period - Snap shot by Peyton Krebs.
7:28 of 3rd period - Stopped by Sam Montembeault without a rebound.
7:29 of 3rd period - Joel Armia wins face-off versus Alexander Wennberg in Capitals zone.
7:29 of 3rd period - Joel Armia is hit by Kirby Dach.
8:21 of 3rd period - Damon Severson is hit by Sebastian Aho and loses puck.
8:28 of 3rd period - Snap shot by Jake Neighbours.
8:28 of 3rd period - Stopped by Semyon Varlamov with a rebound.
8:44 of 3rd period - Slapshot by Elias Pettersson.
8:44 of 3rd period - Stopped by Semyon Varlamov with a rebound.
8:46 of 3rd period - Snap shot by Elias Pettersson.
8:46 of 3rd period - Goal by Elias Pettersson - Nordiques : 1 - Capitals : 3.
8:47 of 3rd period - Jake Guentzel wins face-off versus Alexander Wennberg in neutral zone.
8:50 of 3rd period - Wrist shot by Damon Severson.
8:50 of 3rd period - Stopped by Semyon Varlamov with a rebound.
9:14 of 3rd period - Snap shot by Elias Pettersson.
9:14 of 3rd period - Stopped by Semyon Varlamov without a rebound.
9:15 of 3rd period - Sebastian Aho wins face-off versus Adam Fantilli in Nordiques zone.
9:54 of 3rd period - Snap shot by Sebastian Aho.
9:54 of 3rd period - Deflect By Lucas Raymond.
9:54 of 3rd period - Stopped by Sam Montembeault with a rebound.
10:11 of 3rd period - Slapshot by Adam Fantilli.
10:11 of 3rd period - Stopped by Semyon Varlamov with a rebound.
10:13 of 3rd period - Wrist shot by Joel Eriksson Ek.
10:13 of 3rd period - Stopped by Semyon Varlamov with a rebound.
10:31 of 3rd period - Joel Eriksson Ek is hit by Philippe Myers.
10:48 of 3rd period - Minor Penalty to Oliver Ekman-Larsson for Tripping.
10:49 of 3rd period - Isac Lundestrom wins face-off versus Marco Rossi in Capitals zone.
10:55 of 3rd period - Snap shot by Kris Letang.
10:55 of 3rd period - Stopped by Semyon Varlamov with a rebound.
11:39 of 3rd period - Cam York is hit by Vasily Podkolzin and loses puck.
12:48 of 3rd period - Penalty to Oliver Ekman-Larsson is over, Oliver Ekman-Larsson is back on ice.
14:19 of 3rd period - Philippe Myers is hit by Oliver Ekman-Larsson and loses puck.
16:11 of 3rd period - Peyton Krebs is hit by Joel Eriksson Ek and loses puck.
17:13 of 3rd period - Icing by Adam Fantilli.
17:14 of 3rd period - Peyton Krebs wins face-off versus Adam Fantilli in Capitals zone.
17:35 of 3rd period - Elias Pettersson is hit by Chris Kreider and loses puck.
18:42 of 3rd period - Wrist shot by Isac Lundestrom.
18:42 of 3rd period - Stopped by Semyon Varlamov without a rebound.
18:43 of 3rd period - Peyton Krebs wins face-off versus Adam Lowry in Nordiques zone.
19:01 of 3rd period - Icing by Travis Sanheim.
19:02 of 3rd period - Peyton Krebs wins face-off versus Adam Fantilli in Nordiques zone.
19:09 of 3rd period - Adam Fantilli is hit by Peyton Krebs and loses puck.
19:30 of 3rd period - Slapshot by Vasily Podkolzin.
19:30 of 3rd period - Stopped by Sam Montembeault with a rebound.
19:32 of 3rd period - Slapshot by Travis Sanheim.
19:32 of 3rd period - Shot Blocked by Kris Letang.
19:34 of 3rd period - Snap shot by Cole Smith.
19:34 of 3rd period - Stopped by Sam Montembeault without a rebound.
19:35 of 3rd period - Adam Lowry wins face-off versus Alexander Wennberg in Capitals zone.
19:42 of 3rd period - Wrist shot by Alexander Wennberg.
19:42 of 3rd period - Shot Misses the Net.
19:44 of 3rd period - Snap shot by Alex Newhook.
19:44 of 3rd period - Shot Blocked by Lian Bichsel.
19:48 of 3rd period - Snap shot by Kirby Dach.
19:48 of 3rd period - Deflect By Alexander Wennberg.
19:48 of 3rd period - Stopped by Sam Montembeault with a rebound.
19:50 of 3rd period - Snap shot by Alex Newhook.
19:50 of 3rd period - Shot Blocked by Simon Holmstrom.
Goals for this period are 0 for Nordiques vs 2 for Capitals.
Shots for this period are 8 for Nordiques vs 13 for Capitals.